 Dungeon Crawl Stone Soup version 0.31-a0-313-g785cd24033 (webtiles) character file.

Game seed: 8332870263368681995

11 Gargoyl the Trooper (level 2, -1/2 HPs)
             Began as a Gargoyle Berserker on July 17, 2023.
             Was a Follower of Trog.
             Killed from afar by a dart slug (3 damage)
             ... with a slug dart
             ... on level 1 of the Dungeon.
             The game lasted 00:00:31 (273 turns).

Gargoyl the Trooper (Gargoyle Berserker)             Turns: 273, Time: 00:00:33

Health: -1/2       AC:  4    Str: 20    XL:     2   Next: 29%
Magic:  2/2        EV: 11    Int:  7    God:    Trog [*.....]
Gold:   0          SH:  0    Dex:  9    Spells: 1/1 levels left

rFire   . . .        a - +0 hand axe
rCold   . . .        (no shield)
rNeg    + . .        b - melded +0 animal skin
rPois   ∞            (no helmet)
rElec   +            c - +1 cloak
rCorr   .            (no gloves)
SInv    .            (no boots)
Will    .....        (no amulet)
Stlth   +            (no ring)
HPRegen 0.20/turn    (no ring)
MPRegen 0.08/turn

%: no passive effects
@: maw-form
A: devouring maw, reduced hp, sickness immunity, AC +2, negative energy
resistance 1, electricity resistance, torment resistance 1, petrification
resistance
a: Begin Untransformation, Renounce Religion, Berserk


You were on level 1 of the Dungeon.
You worshipped Trog.
Trog was aware of your devotion.
You were a creature with a mouth for a stomach.
You visited 1 branch of the dungeon, and saw 1 of its levels.

Inventory:

Hand Weapons
 a - a +0 hand axe (weapon)
Armour
 b - a +0 animal skin (melded)
 c - a +1 cloak (worn)
Talismans
 d - a maw talisman


   Skills:
 + Level 3.7 Fighting
 + Level 2.9 Axes
 + Level 2.2 Armour
 + Level 1.6 Dodging


You had one spell level left.
You didn't know any spells.
Your spell library was empty.

Dungeon Overview and Level Annotations

Branches:
Dungeon (1/15)

Altars:


Innate Abilities, Weirdness & Mutations

You are a creature with a mouth for a stomach.
Your midsection houses a second, enormous mouth.
Your maximum health is decreased, since you lack skill for your form.
You are immune to sickness and miasma.
Your stone body is resilient. (AC +2)
You are immune to poison.
You resist negative energy. (rN+)
You are resistant to electric shocks. (rElec)
You are resistant to unholy torment.
You are immune to petrification.


Message History

d - a maw talisman You begin transforming.
You continue transforming. x3
You turn into a creature with a mouth for a stomach.
Your +0 animal skin melds into your body.
A quokka comes into view.
You hit the quokka. Your bite misses the quokka.
The quokka is lightly wounded.
The quokka misses you. The quokka completely misses you.
You closely miss the quokka. Your bite misses the quokka.
The quokka is lightly wounded.
The quokka barely misses you.
You hit the quokka but do no damage.
The quokka is lightly wounded.
The quokka bites you but does no damage.
The quokka barely misses you.
You barely miss the quokka. Your bite misses the quokka.
The quokka is lightly wounded.
The quokka barely misses you.
You miss the quokka. Your bite misses the quokka.
The quokka is lightly wounded.
The quokka bites you.
Ouch! That really hurt!
You hit the quokka but do no damage. You bite the quokka.
You devour the quokka!
You feel better.
You kill the quokka!
Trog accepts your kill.
You see here a staff of conjuration.
A goblin comes into view. It is wielding a +0 club.
The goblin shouts!
A dart slug comes into view.
There are monsters nearby!
A ball python comes into view.
The goblin closely misses you.
You hit the goblin.
You kill the goblin!
Trog accepts your kill. The dart slug launches a dart at you.
The slug dart hits you.
Ouch! That really hurt!
You die...

#.#.# ##..... ## .
#.#.# .......
....####.#.#####
#..... ###.....)......
#.....
............|###
#..... .###.##...##.#
###..S. #.#######.#
....w..#####.# #.#
......)W.....# #.#
############.#######.#
#.........#
###########


You could see a dart slug and a ball python.

Vanquished Creatures
  4 goblins (D:1)
  3 hobgoblins (D:1)
  A quokka (D:1)
  A ball python (D:1)
  A frilled lizard (D:1)
  A rat (D:1)
11 creatures vanquished.

Notes
Turn   | Place    | Note
-------+----------+-------------------------------------------
     0 | D:1      | Gargoyl the Gargoyle Berserker began the quest for the Orb.
     0 | D:1      | Reached XP level 1. HP: 14/14 MP: 1/1
    98 | D:1      | Reached XP level 2. HP: 17/19 MP: 2/2
   273 | D:1      | Killed from afar by a dart slug

Illustrated notes

Levels and vault maps discovered:
D:1:      spicycebolla_arrival_risky_transporter, layout_loops_ring

Action                     || total
---------------------------++-------
  Melee: Hand axe          ||    33
         Maw               ||     1
 Armour: Animal skin       ||     4
         Skin              ||     1
  Dodge: Dodged            ||    20
   Form: Maw               ||     1

Table legend: (Time is in decaauts)
 A = Elapsed time spent in this place.
 B = Non-inter-level travel time spent in this place.
 C = Inter-level travel time spent in this place.
 D = Time resting spent in this place.
 E = Time spent auto-exploring this place.
 F = Levels seen in this place.
 G = Mean time per level.
                   A        B        C        D        E       F      G
               +--------+--------+--------+--------+--------+-----+--------+
         Total |    278 |    278 |      0 |      0 |    150 |   1 |  278.0 |
       Dungeon |    278 |    278 |      0 |      0 |    150 |   1 |  278.0 |
               +--------+--------+--------+--------+--------+-----+--------+

Top non-repeatable levels by time:
     D:1: 278 daAuts
